 Dungeon Crawl Stone Soup version 0.20-a0-731-gecde0bf (webtiles) character file.

93 esteth the Insei (level 4, -5/38 HPs)
             Began as a Centaur Monk on Feb 22, 2017.
             Slain by Grinder (8 damage)
             ... on level 6 of the Dungeon.
             The game lasted 00:03:00 (1899 turns).

esteth the Insei (Centaur Monk)                     Turns: 1899, Time: 00:03:00

Health: -5/38      AC:  4    Str: 18    XL:     4   Next: 37%
Magic:  4/4        EV: 10    Int:  9    God:
Gold:   96         SH:  0    Dex: 13    Spells: 3/3 levels left

rFire    . . .     SeeInvis .     - Unarmed
rCold    . . .     Gourm    .   a - +0 robe
rNeg     . . .     Faith    .   (no shield)
rPois    .         Spirit   .   (no helmet)
rElec    .         Reflect  .   (no cloak)
rCorr    .         Harm     .   (no gloves)
MR       .....                  (no barding)
Stlth    +.........             (no amulet)
Regen    0.2/turn               (no ring)
MPRegen  0.1/turn               (no ring)

@: mighty, very quick
A: hooves 3, deformed body, speed 2, tough skin 3
a: no special abilities


You were on level 6 of the Dungeon.
You were not hungry.

You visited 1 branch of the dungeon, and saw 4 of its levels.

You collected 96 gold pieces.

Inventory:

Armour
 a - a +0 robe (worn)
Scrolls
 d - a scroll of immolation {unknown}
 g - 5 scrolls of identify {unknown}
 h - 3 scrolls of remove curse {unknown}
 p - a scroll of enchant weapon {unknown}
Potions
 e - a potion of agility {unknown}
 f - 2 potions of might
 i - 2 potions of mutation {unknown}
 k - a potion of curing {unknown}
 m - a potion of ambrosia {unknown}
 n - a potion of lignification {unknown}
 o - 2 potions of haste {unknown}
Comestibles
 b - 2 bread rations
 j - 2 royal jellies
 l - 2 fruits


   Skills:
 - Level 3.0 Fighting
 - Level 2.1 Dodging
 - Level 1.1 Stealth
 + Level 5.2 Unarmed Combat


You had 3 spell levels left.
You didn't know any spells.

Dungeon Overview and Level Annotations

Branches:
Dungeon (3/15)

Altars:

Annotations:
D:6 Grinder


Innate Abilities, Weirdness & Mutations

You have hooves in place of feet.
Armour fits poorly on your strangely shaped body.
You cover ground very quickly.
You have extremely tough skin. (AC +3)


Message History

Found a metallic pink potion.
You barely miss Grinder. Your kick misses Grinder. Grinder barely misses you.
You closely miss Grinder. Grinder gestures at you.
You suddenly lose the ability to move!
Grinder hits you!
You writhe in agony.
Grinder gestures at you. Pain shoots through your body! Grinder hits you.
* * * LOW HITPOINT WARNING * * *
You writhe in agony.
* * * LOW HITPOINT WARNING * * *
Grinder gestures at you.
You shrug off the repeated paralysis!
Grinder hits you but does no damage.
You can move again.
It was a potion of might.
You feel very mighty all of a sudden. Grinder hits you!
You die...

#.#.#
#...##.....!...
#)#.##.........
#...##.........
#.#.##.........
#...##.........
###.##.........
#.##.........
#....@5......
####.........
#.........
#.........
..........
#..........
#.######### #.


You could see Grinder.

Vanquished Creatures
  A worker ant (D:6)
  An adder (D:2)
  A shadow imp (D:6)
  A worm (D:2)
  A dart slug (D:1)
  4 leopard geckos
  A ball python (D:2)
  2 giant cockroaches (D:2)
  3 hobgoblins
  12 bats
  7 frilled lizards
  5 goblins
  3 kobolds
  5 rats
47 creatures vanquished.

Notes
Turn   | Place    | Note
-------+----------+-------------------------------------------
     0 | D:1      | esteth the Centaur Monk began the quest for the Orb.
     0 | D:1      | Reached XP level 1. HP: 19/19 MP: 1/1
   201 | D:1      | Reached XP level 2. HP: 24/26 MP: 2/2
   614 | D:1      | Reached skill level 4 in Unarmed Combat
   784 | D:2      | Reached XP level 3. HP: 25/31 MP: 3/3
  1541 | D:3      | You fall through a shaft for 3 floors!
  1551 | D:6      | Reached XP level 4. HP: 18/38 MP: 4/4
  1587 | D:6      | Reached skill level 5 in Unarmed Combat
  1888 | D:6      | Noticed Grinder
  1893 | D:6      | Paralysed by Grinder for 5 turns
  1899 | D:6      | Slain by Grinder

Vault maps used:
D:1:      mrwooster_arrival_statue
D:3:      old_standard_altar, grunt_ministairs_14
D:6:      kennysheep_mini, nicolae_overflow_crystal_walls,
          hangedman_minor_gate_pass, uniq_blork_the_orc, uniq_duvessa,
          uniq_pikel, uniq_grinder

Skill      XL: |  1  2  3  4 |
---------------+-------------+-----
Unarmed Combat | 4 5 |  5.2
Fighting       | |  3.0
Dodging        | |  2.1
Stealth        | |  1.1

Action                   |  1- 3 |  4- 6 || total
-------------------------+-------+-------++-------
Melee: Unarmed           |   151 |    13 ||   164
       Kick              |    31 |     4 ||    35
       Punch             |     2 |     1 ||     3
  Use: Potion            |       |     1 ||     1
 Stab: Sleeping          |     1 |       ||     1
  Eat: Chunk             |     1 |     1 ||     2
Armor: Robe              |    67 |     1 ||    68
Dodge: Dodged            |   114 |     9 ||   123
